AoeStats
← zhizan1990

Highland

504943692Analyzed
2v2 RM · 24d ago on Sep 7, 2026· 40m 46s· 4 players
Game mode
Random Map
Map size
Medium (4 player)
Population
200
Speed
Normal
Resources
Standard
Victory
Conquest
Starting age
Dark Age
Ending age
Imperial Age
RankedLock teamsTeams togetherTeam positionsShared explorationLock speedFull tech treeHidden civsTurbo modeCheats
Victory
Defeat
🇹🇼 Aztecs · Taiwan
1045
+17
🇹🇼 Mongols · Taiwan
1021
+18
🇰🇷 Tatars · South Korea
1084
-19
🇨🇳 Franks · China
1040
-46
Prcmt
11:09 Feudal Age
14:55 Castle Age
13:00 Double-Bit Axe
13:43 Horse Collar
15:45 Loom
17:55 Wheelbarrow
20:29 Fletching
20:43 Padded Archer Armor
21:11 Town Watch
21:52 Gold Mining
22:00 Stone Mining
23:29 Leather Archer Armor
23:35 Bodkin Arrow
24:24 Bow Saw
24:28 Husbandry
25:29 Bloodlines
28:33 Ballistics
30:44 Silk Armor
34:24 Imperial Age
35:16 Bracer
35:47 Ring Archer Armor
37:53 Chemistry
37:36 Light Cavalry
zhizan1990
2:07 Loom
11:09 Feudal Age
12:26 Double-Bit Axe
16:45 Wheelbarrow
22:11 Castle Age
20:51 Town Watch
21:34 Gold Mining
21:34 Stone Mining
22:28 Padded Archer Armor
22:19 Fletching
24:32 Elite Skirmisher
27:19 Bodkin Arrow
27:40 Leather Archer Armor
27:49 Bow Saw
37:08 Man-at-Arms
37:55 Husbandry
38:21 Hand Cart
38:10 Town Patrol
39:03 Town Patrol
39:37 Hand Cart
39:37 Scale Barding Armor
39:44 Forging
40:30 Ballistics
Dongyin Empire
10:05 Feudal Age
10:41 Double-Bit Axe
16:49 Castle Age
15:25 Stone Mining
16:29 Fletching
20:31 Wheelbarrow
21:59 Husbandry
23:13 Gold Mining
26:19 Hand Cart
25:53 Town Watch
25:55 Loom
26:51 Gold Shaft Mining
27:08 Bow Saw
27:16 Padded Archer Armor
27:32 Bloodlines
28:25 Bodkin Arrow
28:45 Leather Archer Armor
31:59 Horse Collar
33:26 Ballistics
36:56 Imperial Age
34:49 Light Cavalry
36:54 Loom
37:53 Heavy Plow
37:53 Hussar
39:20 Scale Barding Armor
39:26 Forging
40:15 Scale Mail Armor
40:38 Chain Barding Armor
weiweifallen
10:18 Feudal Age
11:59 Double-Bit Axe
19:05 Castle Age
18:08 Horse Collar
19:11 Fishing Lines
21:48 Bow Saw
22:27 Wheelbarrow
22:00 Heavy Plow
22:27 Pikeman
26:03 Elite Skirmisher
26:38 Fletching
27:03 Treadmill Crane
31:55 Imperial Age
29:20 Loom
29:51 Hand Cart
29:34 Gold Mining
30:39 Squires
30:25 Arson
31:14 Ballistics
30:51 Murder Holes
31:47 Atlatl
33:55 Bodkin Arrow
35:49 Crop Rotation
38:31 Padded Archer Armor
Connection lost

Rejoining the realm…

Still unreachable

The connection could not be restored.

Session expired

The server has moved on; the page needs a fresh start.